 Dungeon Sprint DCSS version 0.30.0-29-ga12c61a403 (webtiles) character file.

Game seed: 6800341832452249986

74 Groucho the Trooper (level 4, 0/42 HPs)
             Began as a Minotaur Fighter on June 24, 2023.
             Was an Initiate of Cheibriados.
             Slain by a two-headed ogre
             ... wielding a +0 giant club
              (17 damage)
             ... in the Dungeon (Sprint IX: "|||||||||||||||||||||||||||||").
             The game lasted 00:00:53 (386 turns).

Groucho the Trooper (Minotaur Fighter)               Turns: 386, Time: 00:00:54

Health: 0/42       AC: 12    Str: 22    XL:     4   Next: 10%
Magic:  3/3        EV: 11    Int:  9    God:    Cheibriados [......]
Gold:   0          SH:  5    Dex: 12    Spells: 3/3 levels left

rFire   . . .        n - +1 broad axe (freeze)
rCold   . . .        c - +0 buckler
rNeg    . . .        o - +1 chain mail
rPois   .            (helmet restricted)
rElec   .            a - +0 cloak
rCorr   .            (no gloves)
SInv    .            (no boots)
Will    .....        (no amulet) Stlth
                     p - +2 ring of evasion
HPRegen 0.27/turn    b - +3 ring of intelligence
MPRegen 0.08/turn

%: no teleportation
@: slow
A: horns 2, retaliatory headbutt
a: Renounce Religion


You were in the Dungeon.
You worshipped Cheibriados.
Cheibriados was noncommittal.
You visited 1 branch

Inventory:

Hand Weapons
 n - a +1 broad axe of freezing (weapon)
Armour
 a - a +0 cloak (worn)
 c - a +0 buckler (worn)
 o - a +1 chain mail (worn)
Jewellery
 b - a +3 ring of intelligence (right hand)
 p - a +2 ring of evasion (left hand)
Wands
 m - a wand of iceblast (10)
Scrolls
 j - 2 scrolls of blinking
 l - 2 scrolls of amnesia
Potions
 d - a potion of might
 e - 5 potions of curing
 f - 3 potions of heal wounds
 g - a potion of haste
 h - 4 potions of magic
 i - a potion of berserk rage
 k - a potion of invisibility


   Skills:
 + Level 5.6 Fighting
 + Level 4.9 Axes
 + Level 5.6 Armour
 + Level 3.6 Dodging
 + Level 5.6 Shields


You had 3 spell levels left.
You didn't know any spells.
Your spell library was empty.

Dungeon Overview and Level Annotations

Branches:
Dungeon (1/1)

Altars:
Cheibriados
Dithmenos
Elyvilon
Fedhas
Gozag
Hepliaklqana
Kikubaaqudgha
Makhleb
Nemelex Xobeh
Okawaru
Qazlal
Ru
Sif Muna
Trog
Uskayaw
Vehumet
Wu Jian
Xom
Yredelemnul
Zin
The Shining One
Jiyva
Lugonu


Innate Abilities, Weirdness & Mutations

You have a pair of horns on your head.
You reflexively headbutt those who attack you in melee.


Message History

Unknown command.
Unknown command.
You see here a +0 helmet.
You see here a +0 cloak.
a - a +0 cloak You start putting on your armour.
You continue putting on your +0 cloak. x4
You finish putting on your +0 cloak.
You see here a +1 chain mail.
o - a +1 chain mail You start removing your armour.
You continue taking off your +0 scale mail. x4
You finish taking off your +0 scale mail.
You start putting on your armour.
You continue putting on your +1 chain mail. x5
You finish putting on your +1 chain mail.
You drop a +0 scale mail.
b - a +3 ring of intelligence
p - a +2 ring of evasion
p - a +2 ring of evasion (left hand)
You feel clever.
b - a +3 ring of intelligence (right hand) Unknown command.
You open the door.
A gnoll sergeant, 2 kobold brigands, a centaur, a shadow and a two-headed ogre come into view.
A kobold brigand is wielding a +0 dagger and quivering poisoned darts.
A kobold brigand is wielding a +0 club and quivering poisoned darts.
The kobold brigand shouts!
The gnoll sergeant shouts!
The kobold brigand shouts!
The two-headed ogre shouts in stereo!
You slash the two-headed ogre! You freeze the two-headed ogre.
You headbutt the two-headed ogre.
The two-headed ogre is moderately wounded.
The two-headed ogre hits you with a +0 giant club!
The two-headed ogre hits you with a +0 giant spiked club!
The shadow slips into darkness.
The shadow flickers and vanishes!
Deactivating autopickup; reactivate with Ctrl-A.
Unknown command.
You barely miss the two-headed ogre. You headbutt the two-headed ogre!
The two-headed ogre is heavily wounded.
The two-headed ogre hits you with a +0 giant club!
You die... ▓▓▓▓▓▓▓▓▓▓▓▓▓▓▓▓▓▓▓▓▓▓▓▓ KgK.c{O@.[.[.)..'_______ ▓▓▓▓▓▓▓▓▓▓▓▓▓▓▓▓▓▓▓▓▓▓▓▓

You could see a two-headed ogre, 2 kobold brigands, a gnoll sergeant and a centaur.

Vanquished Creatures
  A hound (D)
  A gnoll (D)
  2 adders (D)
  A shadow imp (D)
  2 goblins (D)
  A quokka (D)
  2 kobolds (D)
10 creatures vanquished.

Notes
Turn   | Place    | Note
-------+----------+-------------------------------------------
     0 | D        | Groucho the Minotaur Fighter began the quest for the Orb.
     0 | D        | Reached XP level 1. HP: 19/19 MP: 0/0
     8 | D        | Reached skill level 1 in Dodging
    26 | D        | Noticed a hound
    32 | D        | Reached XP level 2. HP: 18/28 MP: 1/1
    48 | D        | Reached skill level 5 in Shields
    48 | D        | Reached XP level 3. HP: 13/35 MP: 2/2
    52 | D        | Reached skill level 5 in Fighting
    52 | D        | Reached skill level 5 in Armour
    54 | D        | Reached XP level 4. HP: 18/42 MP: 3/3
   318 | D        | Found a snail-covered altar of Cheibriados.
   318 | D        | Found a shadowy altar of Dithmenos.
   318 | D        | Found a white marble altar of Elyvilon.
   318 | D        | Found a blossoming altar of Fedhas.
   318 | D        | Found an opulent altar of Gozag.
   319 | D        | Found a hazy altar of Hepliaklqana.
   320 | D        | Found a viscous altar of Jiyva.
   321 | D        | Found an ancient bone altar of Kikubaaqudgha.
   322 | D        | Became a worshipper of Cheibriados the Contemplative
   323 | D        | Found a corrupted altar of Lugonu.
   324 | D        | Found a burning altar of Makhleb.
   325 | D        | Found a sparkling altar of Nemelex Xobeh.
   326 | D        | Found an iron altar of Okawaru.
   327 | D        | Found a stormy altar of Qazlal.
   328 | D        | Found a sacrificial altar of Ru.
   329 | D        | Found a shimmering blue altar of Sif Muna.
   330 | D        | Found a bloodstained altar of Trog.
   331 | D        | Found a hide-covered altar of Uskayaw.
   332 | D        | Found a radiant altar of Vehumet.
   333 | D        | Found an ornate altar of the Wu Jian Council.
   334 | D        | Found a shimmering altar of Xom.
   335 | D        | Found a basalt altar of Yredelemnul.
   336 | D        | Found a glowing silver altar of Zin.
   337 | D        | Found a glowing golden altar of the Shining One.
   384 | D        | Noticed a kobold brigand
   384 | D        | Noticed a gnoll sergeant
   384 | D        | Noticed a kobold brigand
   384 | D        | Noticed a centaur
   384 | D        | Noticed a shadow
   384 | D        | Noticed a two-headed ogre
   386 | D        | Slain by a two-headed ogre

Illustrated notes

Levels and vault maps discovered:
D:        linesprint [early_d, line_temple, items_1, d_10, items_2, lair_1,
          lair_end, items_3, orc_1, orc_end, items_4, d_15, swamp_1, shoals_1,
          snake_1, spider_1, d_20, vaults_1, items_5, swamp_end, shoals_end,
          snake_end, spider_end, vaults_end, d_27, items_6, zot_1, zot_end,
          crypt_end, forest_end, elf_end, slime_end, tomb_end, abyss_end,
          pan_hell_end]

Skill      XL: |  1  2  3 |
---------------+----------+-----
Dodging        | 2 3 |  3.6
Fighting       | 4 5 |  5.6
Axes           | 3 4 |  4.9
Armour         | 4 5 |  5.6
Shields        | 4 5 |  5.6

Action                     |  1- 3 |  4- 6 || total
---------------------------+-------+-------++-------
  Melee: War axe           |    43 |       ||    43
         Headbutt          |     5 |     2 ||     7
         Broad axe         |       |     2 ||     2
 Armour: Scale mail        |    17 |       ||    17
  Dodge: Dodged            |    24 |       ||    24
  Block: Buckler           |     8 |       ||     8
